 Dungeon Crawl Stone Soup version 0.23.2-1-ga50397a (webtiles) character file.

Game seed: 8976493291840025589

1456 Fang the Skirmisher (level 8, 0/52 HPs)
             Began as a Gargoyle Berserker on Apr 25, 2019.
             Was a Priest of Trog.
             Killed from afar by Dowan (11 damage)
             ... with a stone arrow
             ... on level 7 of the Dungeon.
             The game lasted 00:04:12 (4490 turns).

Fang the Skirmisher (Gargoyle Berserker)            Turns: 4490, Time: 00:04:13

Health: 0/52       AC:  8    Str: 24    XL:     8   Next: 76%
Magic:  8/8        EV: 13    Int:  7    God:    Trog [***...]
Gold:   119        SH:  0    Dex:  9    Spells: 7/7 levels left

rFire    + . .     SeeInvis .   a - +0 hand axe
rCold    . . .     Gourm    +   (no shield)
rNeg     + . .     Faith    .   b - +0 animal skin
rPois    ∞         Spirit   .   (no helmet)
rElec    +         Reflect  .   (no cloak)
rCorr    .         Harm     .   (no gloves)
MR       ++...                  (no boots)
Stlth    +.........             w - amulet of the gourmand
HPRegen  1.17/turn              s - ring of protection from fire
MPRegen  0.11/turn              (no ring)

@: regenerating
A: negative energy resistance 1, electricity resistance, unbreathing,
petrification resistance, rot immunity, AC +5
a: Berserk, Trog's Hand, Renounce Religion


You were on level 7 of the Dungeon.
You worshipped Trog.
Trog was most pleased with you.
You were not hungry.

You visited 1 branch of the dungeon, and saw 5 of its levels.

You collected 119 gold pieces.

Inventory:

Hand Weapons
 a - a +0 hand axe (weapon)
Armour
 b - a +0 animal skin (worn)
Jewellery
 o - a +3 ring of strength {unknown}
 s - a ring of protection from fire (left hand)
 w - an amulet of the gourmand (around neck)
Scrolls
 d - a scroll of amnesia {unknown}
 e - a scroll of blinking {unknown}
 i - 5 scrolls of identify {unknown}
 l - 2 scrolls of enchant armour {unknown}
 n - 5 scrolls of remove curse {unknown}
 q - 2 scrolls of teleportation {unknown}
 u - a scroll of vulnerability {unknown}
 x - a scroll of fear {unknown}
Potions
 f - 2 potions of might {unknown}
 g - 3 potions of heal wounds {unknown}
 h - 4 potions of curing {unknown}
 j - a potion of resistance {unknown}
 k - 4 potions of lignification {unknown}
 m - a potion of flight {unknown}
 p - 3 potions of mutation {unknown}
 r - a potion of degeneration {unknown}
 t - a potion of magic {unknown}
 v - a potion of haste {unknown}
Comestibles
 c - 4 rations


   Skills:
 + Level 6.6 Fighting
 + Level 5.5 Axes
 + Level 6.1 Armour
 + Level 4.6 Dodging


You had 7 spell levels left.
You didn't know any spells.
Your spell library was empty.

Dungeon Overview and Level Annotations

Branches:
Dungeon (7/15)
 Temple: D:4-7

Altars:
Makhleb
Okawaru
Wu Jian

Annotations:
D:7 Dowan


Innate Abilities, Weirdness & Mutations

You are resistant to torment.
Your stone body is resilient. (AC +5)
You are immune to poison.
You resist negative energy. (rN+)
You are resistant to electric shocks. (rElec)
You can survive without breathing.
You are immune to petrification.
You are immune to rotting.


Message History

You are too injured to fight recklessly!
You are too injured to fight recklessly!
You are too injured to fight recklessly!
You are too injured to fight recklessly!
You are too injured to fight recklessly!
You are too injured to fight recklessly!
You are too injured to fight recklessly!
You are too injured to fight recklessly!
You are too injured to fight recklessly!
You are too injured to fight recklessly!
You are too injured to fight recklessly!
You are too injured to fight recklessly!
You are too injured to fight recklessly!
You are too injured to fight recklessly!
Your skin crawls.
You feel resistant to hostile enchantments.
You feel somewhat more hungry.
Dowan is no longer moving quickly.
Dowan casts a spell at you. The stone arrow hits you!
You die...

####'## ###.####
##...## #......#
##.....## #.#.##.#
#.......## ##.#.# #
.........####...)#
...).....+.......##.#
.........####.......#
#.......## ##..#####
##.....## #..@#
##...## #....e# ##+##
#.......# #$......#
#.......# #.......#
#.#...#.# #.......#


You could see Dowan.

Vanquished Creatures
  Grinder (D:4)
  A hippogriff (D:7)
  A water moccasin (D:7)
  Duvessa (D:7)
  A sky beast (D:7)
  2 phantoms (D:7)
  2 ogres (D:7)
  A bullfrog (D:7)
  A scorpion (D:3)
  A centaur zombie (D:7)
  A jelly (D:7)
  A centaur skeleton (D:4)
  An orc priest (D:7)
  Jessica (D:2)
  A worker ant (D:7)
  Robin (D:3)
  3 adders
  A worm (D:2)
  A dart slug (D:1)
  4 leopard geckos
  5 orcs
  8 bats
  8 giant cockroaches
  12 goblins
  16 hobgoblins
  8 jackals
  A quokka (D:7)
  2 ball pythons
  3 frilled lizards
  14 kobolds
  3 rats
107 creatures vanquished.

Notes
Turn   | Place    | Note
-------+----------+-------------------------------------------
     0 | D:1      | Fang the Gargoyle Berserker began the quest for the Orb.
     0 | D:1      | Reached XP level 1. HP: 14/14 MP: 1/1
    89 | D:1      | Reached XP level 2. HP: 17/19 MP: 2/2
   350 | D:1      | Reached XP level 3. HP: 18/23 MP: 3/3
   454 | D:1      | Reached ** piety under Trog
  1328 | D:2      | Noticed Jessica
  1337 | D:2      | Killed Jessica
  1337 | D:2      | Reached XP level 4. HP: 24/29 MP: 4/4
  1543 | D:2      | Found a burning altar of Makhleb.
  1639 | D:2      | Found a burning altar of Makhleb.
  1639 | D:2      | Found an ornate altar of the Wu Jian Council.
  1640 | D:2      | Found an iron altar of Okawaru.
  2214 | D:3      | Reached XP level 5. HP: 24/33 MP: 5/5
  2441 | D:3      | Noticed Robin
  2444 | D:3      | Reached *** piety under Trog
  2459 | D:3      | Killed Robin
  3006 | D:4      | Noticed Grinder
  3013 | D:4      | Paralysed by Grinder for 4 turns
  3030 | D:3      | Reached XP level 6. HP: 17/39 MP: 6/6
  3235 | D:4      | Paralysed by Grinder for 2 turns
  3247 | D:4      | Killed Grinder
  3247 | D:4      | Reached skill level 5 in Fighting
  3247 | D:4      | Reached XP level 7. HP: 44/44 MP: 7/7
  3346 | D:4      | You fall through a shaft for 3 floors!
  3603 | D:7      | Reached skill level 5 in Armour
  3806 | D:7      | Reached XP level 8. HP: 40/51 MP: 8/8
  3953 | D:7      | Noticed a hippogriff
  3965 | D:7      | Killed a hippogriff
  3965 | D:7      | Reached skill level 5 in Axes
  4443 | D:7      | Noticed Dowan
  4444 | D:7      | Noticed Duvessa
  4458 | D:7      | Killed Duvessa
  4490 | D:7      | Killed from afar by Dowan

Skill      XL: |  1  2  3  4  5  6  7  8 |
---------------+-------------------------+-----
Axes           | 3 4 5 |  5.5
Dodging        | 2 3 4 |  4.6
Armour         | 3 4 5 6 |  6.1
Fighting       | 4 5 6 |  6.6

Action                   |  1- 3 |  4- 6 |  7- 9 || total
-------------------------+-------+-------+-------++-------
Melee: Hand axe          |   111 |   127 |   140 ||   378
Invok: Berserk           |     1 |     3 |     4 ||     8
       Trog's Hand       |       |       |     1 ||     1
  Eat: Ration            |     1 |     1 |       ||     2
       Chunk             |       |     5 |    10 ||    15
Armor: Animal skin       |    34 |    59 |    52 ||   145
Dodge: Dodged            |    76 |   110 |    84 ||   270
